ARTY FEST

Match 29584925
End
Panzergrenadier Squad
Selects Italian Infantry
Kradschützen Motorcycle Team
250 Light Carrier
Panzergrenadier Squad
Construct Light Support Kompanie
Combat Half-tracks
Fire Support Elements
Veteran Squad Leaders
le.IG 18 Mechanized Group
2.5-tonne Medical Truck
Selects Guastatori Squad
Pak 38 Anti-tank Gun Team
Guastatori Squad
Selects L6/40 Light Tank Combat Group
Selects Towed Cannone da 105/28 Field Howitzer
Towed Cannone da 105/28 Field Howitzer
Construct Panzerarmee Kommand
Selects Sound the Alarm
Armored Reserves
Sound the Alarm
Selects Prepared Positions
Panzer IV Assault Group
Emergency Repair Kits
Vehicle Survival Package
Selects Obice 305mm Barrage
Tiger Heavy Tank
Obice 305mm Barrage
Rapid Advance
Towed Cannone da 105/28 Field Howitzer
Obice 305mm Barrage
Panzer IV Assault Group
Advanced Field Repairs
Tungsten Core Ammunition
Obice 305mm Barrage
Advanced Optics
VonManteuffel
Heartless Jäger
[BPX] Kronosaur0s
Calosius
0
0

Comments sign in to comment!

Heartless Jäger [U] 11 months ago

In this game you will see the biggest Arty Fest that i ever had.

2 Nebels and 2 Cannone vs 3 Bishops and 2 Howis.+ Of Map

How did it turn this way well In the early game everything was moving Flanks light vehicels ec. and the Axis had the Center in Control until the Mortars came on the Field then the Axis countered with there own mortars and it then the big guns came on the Field and it slowly turned into a match of just Arty and Heavy Tanks Fighting for the Center. It was just a meat grinder wave after wave of poor Rifelman,Sections,P Grens, Mgs and F Company were sent to hell. The Map looked like Verdun.

Have fun watching